 Dungeon Crawl Stone Soup version 5.5-137-g0bb1fb2 (webtiles) character file.

1 abdallah the Insei (level 7, -23/43 HPs) *CASUAL*
             Began as an Octopode Transmuter on June 17, 2018.
             Annihilated by an ogre
             ... wielding a +0 giant club
              (31 damage)
             ... on level 4 of the Dungeon.
             The game lasted 00:05:18 (2763 turns).

abdallah the Insei (Octopode Transmuter)            Turns: 2763, Time: 00:05:19

Health: -23/43     AC:  1 (0%)Str:  9   XL:     7   Next: 16%
Magic:  12/12      EV: 13    Int: 23    God:
Gold:   152        SH:  3    Dex:  7    Spells: 13/14 levels left

rFire    . . .     SeeInvis .     - Unarmed
rCold    . . .     Faith    .   (no shield)
rNeg     + . .     Spirit   .   (helmet restricted)
rPois    .         Reflect  +   d - +3 amulet of reflection
rElec    .                      f - ring of positive energy
rCorr    .                      i - +5 ring of intelligence
MR       .....                  (no ring)
Stlth    ++++......             (no ring)
Regen    0.2/turn               (no ring)
MPRegen  0.2/turn               (no ring)
                                (no ring)
                                (no ring)

@: appendage
A: almost no armour, stealthy swim, amphibious, 8 rings, constrict 8, tentacle
spike, camouflage, clumsy, sense surroundings, gelatinous body 1
a: End Transformation


You were on level 4 of the Dungeon.
You were not hungry.
One of your tentacles had a temporary spike.
You visited 1 branch of the dungeon, and saw 4 of its levels.

You collected 152 gold pieces.

Inventory:

Missiles
 a - 96 arrows
 g - 181 poisoned darts (quivered)
Armour
 j - a +2 shield
Jewellery
 d - a +3 amulet of reflection (around mantle)
 e - an uncursed amulet of faith
 f - a ring of positive energy (left tentacle)
 i - a +5 ring of intelligence (right tentacle)
Scrolls
 b - 2 scrolls of teleportation
 m - a scroll of enchant armour
Potions
 c - a potion of cancellation
 h - a potion of augmentation
 k - a potion of invisibility
 l - a potion of flight
 n - a potion of mutation


   Skills:
 - Level 1.0 Fighting
 - Level 2.0 Dodging
 + Level 3.3 Shields
 + Level 7.0 Unarmed Combat
 - Level 3.0 Transmutations


You had 13 spell levels left.
You knew the following spells:

 Your Spells              Type           Power        Failure   Level  Hunger
a - Beastly Appendage     Tmut           13 (50)      4%          1    N/A

Your spell library contained the following spells:

 Spells                   Type           Power        Failure   Level  Hunger
 Spider Form              Tmut           13 (200)     14%         3    N/A
 Blade Hands              Tmut           13 (200)     77%         5    N/A
 Ice Form                 Ice/Tmut       6 (100)      63%         4    N/A
 Passwall                 Tmut/Erth      6 (200)      13%         2    N/A

Dungeon Overview and Level Annotations

Branches:
Dungeon (4/15)

Altars:
Jiyva
Nemelex Xobeh
Trog
Uskayaw
Yredelemnul


Innate Abilities, Weirdness & Mutations

You cannot wear most types of armour.
You are very stealthy in the water.
You are amphibious.
You can wear up to eight rings at the same time.
You can use your tentacles to constrict eight enemies at once.
Your skin blends seamlessly with your surroundings (Stealth+++).
Your rubbery body absorbs attacks. (AC +1, EV +1)
You are clumsy. (Dex -5)
You passively map the area around you.


Message History

You tentacle-slap the ogre (5). You squeeze the ogre (2).
The ogre is moderately wounded.
You barely miss the ogre.
You pierce the ogre (1).
You squeeze the ogre (2).
The ogre is moderately wounded.
The ogre hits you with a +0 giant club (21)!!
You barely miss the ogre.
You pierce the ogre, but do no damage.
The ogre is moderately wounded.
The ogre hits you with a +0 giant club (15)!
* * * LOW HITPOINT WARNING * * *
You tentacle-slap the ogre but do no damage.
You pierce the ogre (4).
The ogre is heavily wounded.
The ogre closely misses you.
You barely miss the ogre.
The ogre is heavily wounded.
You tentacle-slap the ogre but do no damage.
The ogre is heavily wounded.
The ogre hits you with a +0 giant club (31)!!
Ouch! That really hurt!
You die...

** ,, , **#
###** * * , *
. ,... * ,
#.##.## ** * ,
* .#...## , ,
..... * * ,
,,,, ...** , ,
,*,* * #O# ,
#@# * , #.# *
* * * ##'## ,
##...## ,, *,
##.....## ** *
* ,
##.......## ,
,
*#.........#**
, , ,
,+.........+ *
, *
#.........#
,*, ,


You could see an ogre.

Vanquished Creatures
  2 orc priests (D:3)
  3 worker ants (D:3)
  6 adders
  An ooze (D:2)
  A dart slug (D:1)
  4 orcs (D:3)
  5 quokkas
  4 giant cockroaches
  2 gnoll zombies (D:2)
  3 goblins
  3 hobgoblins
  3 jackals (D:3)
  10 kobolds
  4 bats
  2 frilled lizards (D:2)
  5 rats
58 creatures vanquished.

Notes
Turn   | Place    | Note
-------+----------+-------------------------------------------
     0 | D:1      | abdallah the Octopode Transmuter began the quest for the Orb.
     0 | D:1      | Reached XP level 1. HP: 13/13 MP: 2/2
    24 | D:1      | Reached XP level 2. HP: 4/18 MP: 4/4
   337 | D:1      | Reached skill level 4 in Unarmed Combat
   362 | D:1      | Reached XP level 3. HP: 20/23 MP: 4/4
   923 | D:1      | Gained mutation: You passively map the area around you. [mutagenic hatch]
   928 | D:2      | Found a viscous altar of Jiyva.
   960 | D:2      | Reached XP level 4. HP: 18/28 MP: 6/6
  1071 | D:2      | Reached skill level 5 in Unarmed Combat
  1146 | D:2      | Found a faded altar of an unknown god.
  1190 | D:2      | Reached XP level 5. HP: 25/33 MP: 8/8
  1403 | D:2      | Found a sparkling altar of Nemelex Xobeh.
  1411 | D:2      | Found a bloodstained altar of Trog.
  1679 | D:2      | Found a basalt altar of Yredelemnul.
  1683 | D:2      | Reached skill level 6 in Unarmed Combat
  1852 | D:2      | Gained mutation: You are clumsy. (Dex -5) [mutagenic hatch]
  1923 | D:3      | Reached skill level 1 in Shields
  1928 | D:3      | Reached XP level 6. HP: 34/38 MP: 11/11
  1947 | D:3      | Found a hide-covered altar of Uskayaw.
  1964 | D:3      | Reached XP level 7. HP: 41/43 MP: 12/12
  2257 | D:3      | Reached skill level 7 in Unarmed Combat
  2763 | D:4      | Annihilated by an ogre

Skill      XL: |  1  2  3  4  5  6  7 |
---------------+----------------------+-----
Unarmed Combat | 4 5 6 7 |  7.0
Shields        | 1 3 |  3.3
Fighting       | |  1.0
Dodging        | |  2.0
Transmutations | |  3.0

Action                   |  1- 3 |  4- 6 |  7- 9 || total
-------------------------+-------+-------+-------++-------
Melee: Unarmed           |    40 |    56 |    18 ||   114
       Constrict         |    15 |    16 |     3 ||    34
       Tentacles         |     5 |     7 |     4 ||    16
       Kick              |     6 |    11 |     5 ||    22
       Punch             |       |       |     1 ||     1
 Cast: Beastly Appendage |     1 |       |       ||     1
 Stab: Sleeping          |     5 |    17 |     1 ||    23
Armor: Skin              |     4 |     1 |     1 ||     6
Dodge: Dodged            |    16 |    24 |     6 ||    46
Block: Other             |     2 |     3 |       ||     5
